TOP OF THE 1ST |
Long Beach KO batting - Pitching for Oceanside Swamp Foxes : RHP Héctor Montoya
|
Pitching: RHP Héctor Montoya
|
|
Batting: RHB Jorge Molina
|
0-0: Ball 1-0: Called Strike 1-1: Ball 2-1: Called Strike 2-2: Ball 3-2: SINGLE (Groundball, 4M)
|
Batting: RHB Robert Stevens
|
0-0: Fly out, F9 (Line Drive, 89S)
|
Batting: LHB Walt Brown
|
0-0: Ball 1-0: Fly out, F8 (Line Drive, 78M)
|
Batting: RHB Ben Simpson
|
0-0: Called Strike 0-1: Ball 1-1: Ball 2-1: Swinging Strike 2-2: Strikes out looking
|
Top of the 1st over - 0 run(s), 1 hit(s), 0 error(s), 1 left on base; Long Beach 0 - Oceanside 0 |
BOTTOM OF THE 1ST |
Oceanside Swamp Foxes batting - Pitching for Long Beach KO : RHP Máximo Salazar
|
Pitching: RHP Máximo Salazar
|
|
Batting: SHB Alberto Sandoval
|
0-0: SINGLE (Groundball, 6MD)
|
Batting: RHB Nathan Smith
|
0-0: Called Strike 0-1: Foul Ball, location: 2F 0-2: Ball 1-2: Strikes out swinging
|
Batting: LHB Hamilton Hughes
|
0-0: Ball 1-0: Fly out, F8 (Flyball, 8RD)
|
Batting: SHB Tony Yan
|
0-0: Ball 1-0: Foul Ball, location: 2F 1-1: SINGLE (Groundball, 4MD) Alberto Sandoval to second Runner from 2nd tries for 3rd, SAFE, no throw or cutoff
|
Batting: RHB Rob Turner
|
0-0: Called Strike 0-1: Swinging Strike 0-2: Ball 1-2: Ball 2-2: Strikes out swinging
|
Bottom of the 1st over - 0 run(s), 2 hit(s), 0 error(s), 2 left on base; Long Beach 0 - Oceanside 0 |
TOP OF THE 2ND |
Long Beach KO batting - Pitching for Oceanside Swamp Foxes : RHP Héctor Montoya
|
Batting: RHB Scott Wise
|
0-0: Foul Ball, location: 2F 0-1: Foul Ball, location: 2F 0-2: Foul Ball, location: 2F 0-2: Ball 1-2: Foul Ball, location: 2F 1-2: Ball 2-2: Ball 3-2: Base on Balls
|
Batting: RHB Kenny Pruitt
|
0-0: Called Strike 0-1: Swinging Strike 0-2: Ball 1-2: Foul Ball, location: 2F 1-2: Strikes out swinging
|
Batting: RHB Juan Rodríguez
|
0-0: Called Strike 0-1: Foul Ball, location: 2F 0-2: Ball 1-2: Strikes out looking
|
Batting: RHB Juan Herrera
|
0-0: Called Strike Scott Wise is caught stealing 2nd base
|
Top of the 2nd over - 0 run(s), 0 hit(s), 0 error(s), 0 left on base; Long Beach 0 - Oceanside 0 |
BOTTOM OF THE 2ND |
Oceanside Swamp Foxes batting - Pitching for Long Beach KO : RHP Máximo Salazar
|
Batting: SHB David Boyle
|
0-0: Swinging Strike 0-1: SINGLE (Groundball, 34D)
|
Batting: RHB Joe Brinkman
|
0-0: Ball 1-0: Foul Ball, location: 2F 1-1: Ball 2-1: Ground out 4-3 (Groundball, 4M) David Boyle to second
|
Batting: LHB Luis Aragón
|
0-0: Ball 1-0: Ball 2-0: Called Strike 2-1: SINGLE (Groundball, 4MD) David Boyle to third Runner from 3rd tries for Home, SAFE, no throw or cutoff
|
Batting: SHB Dale Winters
|
0-0: Ball 1-0: Called Strike 1-1: SINGLE (Groundball, 4MD) Luis Aragón to second
|
Batting: SHB Alberto Sandoval
|
0-0: Ball 1-0: Called Strike 1-1: Swinging Strike 1-2: Foul Ball, location: 2F 1-2: Strikes out swinging
|
Batting: RHB Nathan Smith
|
0-0: Called Strike 0-1: Foul Ball, location: 2F 0-2: Fielders Choice at 2nd, U4 (Groundball, 4M)
|
Bottom of the 2nd over - 1 run(s), 3 hit(s), 0 error(s), 2 left on base; Long Beach 0 - Oceanside 1 |
TOP OF THE 3RD |
Long Beach KO batting - Pitching for Oceanside Swamp Foxes : RHP Héctor Montoya
|
Batting: RHB Juan Herrera
|
0-0: Ball 1-0: Fly out, F1 (Line Drive, 13)
|
Batting: RHB Máximo Salazar
|
0-0: Ball 1-0: Ball 2-0: Foul Ball, location: 2F 2-1: Called Strike 2-2: Strikes out swinging
|
Batting: RHB Jorge Molina
|
0-0: Fly out, F8 (Flyball, 8LM)
|
Top of the 3rd over - 0 run(s), 0 hit(s), 0 error(s), 0 left on base; Long Beach 0 - Oceanside 1 |
BOTTOM OF THE 3RD |
Oceanside Swamp Foxes batting - Pitching for Long Beach KO : RHP Máximo Salazar
|
Batting: LHB Hamilton Hughes
|
0-0: Called Strike 0-1: Foul Ball, location: 2F 0-2: Ball 1-2: Ball 2-2: Foul Ball, location: 2F 2-2: Foul Ball, location: 2F 2-2: SINGLE (Groundball, 6M)
|
Batting: SHB Tony Yan
|
0-0: Ball 1-0: Foul Ball, location: 2F 1-1: Called Strike 1-2: Foul Ball, location: 2F 1-2: Ball 2-2: Foul Ball, location: 2F 2-2: Ball 3-2: SINGLE (Flyball, 8LS) Hamilton Hughes to second
|
Batting: RHB Rob Turner
|
0-0: Foul Ball, location: 2F 0-1: Ball 1-1: Ball 2-1: Ball 3-1: Foul Ball, location: 2F 3-2: Foul Ball, location: 2F 3-2: Fielders Choice at 2nd, 1-6 (Groundball, 23) Hamilton Hughes to third
|
Batting: SHB David Boyle
|
0-0: Called Strike 0-1: Fly out, F8 (Flyball, 8LM)
|
Batting: RHB Joe Brinkman
|
0-0: Fly out, F7 (Flyball, 7M)
|
Bottom of the 3rd over - 0 run(s), 2 hit(s), 0 error(s), 2 left on base; Long Beach 0 - Oceanside 1 |
TOP OF THE 4TH |
Long Beach KO batting - Pitching for Oceanside Swamp Foxes : RHP Héctor Montoya
|
Batting: RHB Robert Stevens
|
0-0: Ball 1-0: Foul Ball, location: 2F 1-1: Fly out, F8 (Line Drive, 8LM)
|
Batting: LHB Walt Brown
|
0-0: Fly out, F7 (Flyball, 78M)
|
Batting: RHB Ben Simpson
|
0-0: Ball 1-0: Ball 2-0: Foul Ball, location: 2F 2-1: Ball 3-1: SOLO HOME RUN (Flyball, 7D), Distance : 389 ft
|
Batting: RHB Scott Wise
|
0-0: Called Strike 0-1: SINGLE (Line Drive, 8LS)
|
Batting: RHB Kenny Pruitt
|
0-0: TRIPLE (Groundball, 3L) Scott Wise scores
|
Batting: RHB Juan Rodríguez
|
0-0: Foul Ball, location: 2F 0-1: Called Strike 0-2: Foul Ball, location: 2F 0-2: Ball 1-2: Fly out, F3 (Popup, 3L)
|
Top of the 4th over - 2 run(s), 3 hit(s), 0 error(s), 1 left on base; Long Beach 2 - Oceanside 1 |
BOTTOM OF THE 4TH |
Oceanside Swamp Foxes batting - Pitching for Long Beach KO : RHP Máximo Salazar
|
Batting: LHB Luis Aragón
|
0-0: Ball 1-0: Foul Ball, location: 2F 1-1: Called Strike 1-2: Foul Ball, location: 2F 1-2: Ball 2-2: Foul Ball, location: 2F 2-2: SINGLE (Line Drive, 8RS)
|
Batting: SHB Dale Winters
|
0-0: Foul Ball, location: 2F 0-1: Grounds into double play, 4-6-3 (Groundball, 4)
|
Batting: SHB Alberto Sandoval
|
0-0: Foul Ball, location: 2F 0-1: Called Strike 0-2: Ball 1-2: Ball 2-2: DOUBLE (Flyball, 7LM)
|
Batting: RHB Nathan Smith
|
0-0: Called Strike 0-1: Called Strike 0-2: Ball 1-2: Strikes out swinging
|
Bottom of the 4th over - 0 run(s), 2 hit(s), 0 error(s), 1 left on base; Long Beach 2 - Oceanside 1 |
TOP OF THE 5TH |
Long Beach KO batting - Pitching for Oceanside Swamp Foxes : RHP Héctor Montoya
|
Batting: RHB Juan Herrera
|
0-0: Called Strike 0-1: Foul Ball, location: 2F 0-2: Ball 1-2: Strikes out swinging
|
Batting: RHB Máximo Salazar
|
0-0: Ball 1-0: Called Strike 1-1: Fly out, F8 (Flyball, 8RM)
|
Batting: RHB Jorge Molina
|
0-0: Ball 1-0: Called Strike 1-1: Foul Ball, location: 2F 1-2: Ball 2-2: Foul Ball, location: 2F 2-2: Strikes out swinging
|
Top of the 5th over - 0 run(s), 0 hit(s), 0 error(s), 0 left on base; Long Beach 2 - Oceanside 1 |
BOTTOM OF THE 5TH |
Oceanside Swamp Foxes batting - Pitching for Long Beach KO : RHP Máximo Salazar
|
Batting: LHB Hamilton Hughes
|
0-0: Fly out, F8 (Flyball, 8LM)
|
Pitching: RHP Francisco López
|
|
Batting: SHB Tony Yan
|
0-0: Ball 1-0: Ball 2-0: Ball 3-0: Called Strike 3-1: Fly out, F9 (Flyball, 89M)
|
Batting: RHB Rob Turner
|
0-0: Foul Ball, location: 2F 0-1: Foul Ball, location: 2F 0-2: Ball 1-2: Ball 2-2: Strikes out swinging
|
Bottom of the 5th over - 0 run(s), 0 hit(s), 0 error(s), 0 left on base; Long Beach 2 - Oceanside 1 |
TOP OF THE 6TH |
Long Beach KO batting - Pitching for Oceanside Swamp Foxes : RHP Héctor Montoya
|
Batting: RHB Robert Stevens
|
0-0: Called Strike 0-1: Ball 1-1: Fly out, F8 (Flyball, 8LM)
|
Batting: LHB Walt Brown
|
0-0: Swinging Strike 0-1: Ball 1-1: Ball 2-1: DOUBLE (Line Drive, 78M)
|
Batting: RHB Ben Simpson
|
0-0: Intentional Walk
|
Pitching: RHP Pepe Torres
|
|
Batting: RHB Scott Wise
|
0-0: Foul Ball, location: 2F 0-1: Fly out, F7 (Flyball, 78M)
|
Batting: RHB Kenny Pruitt
|
0-0: Called Strike 0-1: Foul Ball, location: 2F 0-2: SINGLE (Line Drive, 4D) Walt Brown to third Ben Simpson to second
|
Batting: RHB Juan Rodríguez
|
0-0: Called Strike 0-1: Ball 1-1: Swinging Strike 1-2: Strikes out looking
|
Top of the 6th over - 0 run(s), 2 hit(s), 0 error(s), 3 left on base; Long Beach 2 - Oceanside 1 |
BOTTOM OF THE 6TH |
Oceanside Swamp Foxes batting - Pitching for Long Beach KO : RHP Francisco López
|
Batting: SHB David Boyle
|
0-0: Called Strike 0-1: Ball 1-1: Swinging Strike 1-2: Ball 2-2: Foul Ball, location: 2F 2-2: Ball 3-2: Base on Balls
|
Batting: RHB Joe Brinkman
|
0-0: Ball 1-0: Fly out, F8 (Flyball, 8RM)
|
Batting: LHB Luis Aragón
|
Pickoff Throw to First - Error! E1 David Boyle to second 0-0: Foul Ball, location: 2F 0-1: Ball 1-1: Ball 2-1: Foul Ball, location: 2F 2-2: Strikes out swinging
|
Batting: SHB Dale Winters
|
0-0: Called Strike 0-1: Ball 1-1: Ball 2-1: Foul Ball, location: 2F 2-2: Fly out, F7 (Flyball, 7LS)
|
Bottom of the 6th over - 0 run(s), 0 hit(s), 1 error(s), 1 left on base; Long Beach 2 - Oceanside 1 |
TOP OF THE 7TH |
Long Beach KO batting - Pitching for Oceanside Swamp Foxes : RHP Pepe Torres
|
Batting: RHB Juan Herrera
|
0-0: Called Strike 0-1: Ball 1-1: Called Strike 1-2: Foul Ball, location: 2F 1-2: Strikes out looking
|
Batting: RHB Máximo Salazar
|
0-0: Ball 1-0: Called Strike 1-1: Swinging Strike 1-2: Strikes out swinging
|
Batting: RHB Jorge Molina
|
0-0: Swinging Strike 0-1: Foul Ball, location: 2F 0-2: Foul Ball, location: 2F 0-2: Strikes out swinging
|
Top of the 7th over - 0 run(s), 0 hit(s), 0 error(s), 0 left on base; Long Beach 2 - Oceanside 1 |
BOTTOM OF THE 7TH |
Oceanside Swamp Foxes batting - Pitching for Long Beach KO : RHP Francisco López
|
Batting: SHB Alberto Sandoval
|
0-0: Ball 1-0: Ball 2-0: Ball 3-0: Called Strike 3-1: Base on Balls
|
Batting: RHB Nathan Smith
|
0-0: Sac Bunt - play at first, batter OUT! 1-4 Alberto Sandoval to second
|
Pitching: RHP Arturo Fowler
|
|
Pinch Hitting: LHB Howard Holder
|
0-0: DOUBLE (Flyball, 8RXD) Alberto Sandoval scores
|
Batting: SHB Tony Yan
|
0-0: Intentional Walk
|
Batting: RHB Rob Turner
|
0-0: Foul Ball, location: 2F 0-1: Ball 1-1: Grounds into double play, 6-4-3 (Groundball, 6)
|
Bottom of the 7th over - 1 run(s), 1 hit(s), 0 error(s), 1 left on base; Long Beach 2 - Oceanside 2 |
TOP OF THE 8TH |
Long Beach KO batting - Pitching for Oceanside Swamp Foxes : RHP Pepe Torres
|
Now at 1B: Howard Holder
|
|
Batting: RHB Robert Stevens
|
0-0: Ball 1-0: Ball 2-0: Fly out, F7 (Flyball, 7S)
|
Pitching: LHP Al McGuire
|
|
Batting: LHB Walt Brown
|
0-0: Called Strike 0-1: Foul Ball, location: 2F 0-2: Foul Ball, location: 2F 0-2: Fly out, F6 (Popup, 56D)
|
Batting: RHB Ben Simpson
|
0-0: Called Strike 0-1: SINGLE (Groundball, 15) (infield hit)
|
Batting: RHB Scott Wise
|
0-0: Called Strike Ben Simpson steals 2nd base 0-1: Ball 1-1: Foul Ball, location: 2F 1-2: Ball 2-2: Strikes out swinging
|
Top of the 8th over - 0 run(s), 1 hit(s), 0 error(s), 1 left on base; Long Beach 2 - Oceanside 2 |
BOTTOM OF THE 8TH |
Oceanside Swamp Foxes batting - Pitching for Long Beach KO : RHP Arturo Fowler
|
Pinch Hitting: LHB Joel Nelson
|
0-0: Ball 1-0: Swinging Strike 1-1: Ball 2-1: Foul Ball, location: 2F 2-2: DOUBLE (Line Drive, 5L)
|
Batting: RHB Joe Brinkman
|
0-0: Ball 1-0: Ball 2-0: Foul Ball, location: 2F 2-1: Ball 3-1: Called Strike 3-2: Base on Balls
|
Batting: LHB Luis Aragón
|
0-0: Ball 1-0: Ball 2-0: Swinging Strike 2-1: Ball 3-1: Swinging Strike 3-2: Strikes out swinging
|
Batting: SHB Dale Winters
|
0-0: Foul Ball, location: 2F 0-1: Ball 1-1: Ball 2-1: Foul Ball, location: 2F 2-2: Ball 3-2: Foul Ball, location: 2F 3-2: Fielders Choice at 2nd, 1-6 (Groundball, 15) Joel Nelson to third
|
Batting: SHB Alberto Sandoval
|
0-0: Called Strike 0-1: Ball 1-1: Ball 2-1: Foul Ball, location: 2F 2-2: Ball 3-2: Foul Ball, location: 2F 3-2: Base on Balls Dale Winters to second
|
Pinch Hitting: RHB Júlio Rodríguez
|
0-0: Swinging Strike 0-1: Swinging Strike 0-2: Strikes out swinging
|
Bottom of the 8th over - 0 run(s), 1 hit(s), 0 error(s), 3 left on base; Long Beach 2 - Oceanside 2 |
TOP OF THE 9TH |
Long Beach KO batting - Pitching for Oceanside Swamp Foxes : LHP Al McGuire
|
Pitching: RHP Roberto Carbaja
|
|
Now in LF: Joel Nelson
|
|
Now in RF: Clinton O'Brien
|
|
Batting: RHB Kenny Pruitt
|
0-0: Swinging Strike 0-1: Called Strike 0-2: Strikes out swinging
|
Batting: RHB Juan Rodríguez
|
0-0: Ball 1-0: Ball 2-0: Ball 3-0: Called Strike 3-1: Swinging Strike 3-2: Fly out, F5 (Line Drive, 5)
|
Batting: RHB Juan Herrera
|
0-0: Called Strike 0-1: Ball 1-1: Ground out 6-3 (Groundball, 6)
|
Top of the 9th over - 0 run(s), 0 hit(s), 0 error(s), 0 left on base; Long Beach 2 - Oceanside 2 |
BOTTOM OF THE 9TH |
Oceanside Swamp Foxes batting - Pitching for Long Beach KO : RHP Arturo Fowler
|
Batting: LHB Howard Holder
|
0-0: Ball 1-0: Called Strike 1-1: Foul Ball, location: 2F 1-2: Ball 2-2: Foul Ball, location: 2F 2-2: Ball 3-2: Base on Balls
|
Pitching: RHP Bret Oliver
|
|
Batting: SHB Tony Yan
|
0-0: Ball 1-0: Ball 2-0: Foul Ball, location: 2F 2-1: Foul Ball, location: 2F 2-2: Foul Ball, location: 2F 2-2: Foul Ball, location: 2F 2-2: Ball 3-2: Foul Ball, location: 2F 3-2: Foul Ball, location: 2F 3-2: Fielders Choice at 2nd, 4-6 (Groundball, 4)
|
Batting: RHB Rob Turner
|
0-0: Ball 1-0: Ball Throwing error on steal attempt, E2 Tony Yan to third 2-0: Intentional Walk
|
Batting: LHB Joel Nelson
|
0-0: Ball Rob Turner steals 2nd base 1-0: Intentional Walk
|
Batting: RHB Joe Brinkman
|
0-0: SINGLE (Flyball, 9S) Tony Yan scores
|
Monday, December 5th, 2016 - OOTP Baseball 17.12 Build 75
|
|